 Dungeon Crawl Stone Soup version 0.19-a0-994-g3c636f0 (webtiles) character file.

129 4thArraOfDagon the Caller (level 4, -3/33 HPs)
             Began as a Demigod Summoner on July 16, 2016.
             Slain by an orc
             ... wielding a +0 trident
              (6 damage)
             ... on level 4 of the Dungeon.
             The game lasted 00:07:47 (1257 turns).

4thArraOfDagon the Caller (Demigod Summoner)        Turns: 1257, Time: 00:07:47

Health: -3/33      AC:  3    Str: 11    XL:     4   Next: 58%
Magic:  6/9        EV: 12    Int: 21    God:
Gold:   91         SH:  0    Dex: 16    Spells: 2 memorised, 3 levels left

rFire  . . .     SeeInvis +     h - +0 mace
rCold  . . .     Gourm    .     a - +0 robe
rNeg   . . .     Faith    .     (no shield)
rPois  .         Spirit   .     (no helmet)
rElec  .         Dismiss  .     (no cloak)
rCorr  .         Reflect  .     (no gloves)
SustAt +         Harm     .     e - +0 pair of boots
MR     .....                    (no amulet)
Stlth  ++........               (no ring)
                                p - ring of see invisible

@: flying, slowed, very slow, not resistant to hostile enchantments, unstealthy
A: high mp 1, sustain attributes
a: no special abilities


You were on level 4 of the Dungeon.
You were not hungry.

You visited 1 branch of the dungeon, and saw 5 of its levels.

You collected 91 gold pieces.

Inventory:

Hand Weapons
 h - a +0 mace (weapon)
 i - a +0 club
Armour
 a - a +0 robe (worn)
 e - a +0 pair of boots (worn)
 f - a +0 ring mail
Jewellery
 p - a ring of see invisible (left hand)
Wands
 k - a wand of digging (6/24)
 m - a wand of acid (0/15)
Scrolls
 d - a scroll of remove curse
Potions
 j - a potion of brilliance {unknown}
 l - a potion of flight
 o - a potion of berserk rage {unknown}
Books
 b - a book of Callings

   Spells                             Type                      Level
   a - Summon Small Mammal            Summoning                    1
   b - Call Imp                       Summoning                    2
   c - Call Canine Familiar           Summoning                    3
   d - Summon Guardian Golem          Hexes/Summoning              3
   e - Summon Lightning Spire         Summoning/Air                4
   f - Summon Ice Beast               Ice/Summoning                4
Comestibles
 c - 2 bread rations
 g - a beef jerky
 n - a chunk of flesh


   Skills:
 - Level 1.7 Dodging
 - Level 1.7 Stealth
 - Level 2.0 Spellcasting
 * Level 5.6 Summonings


You had 3 spell levels left.
You knew the following spells:

 Your Spells              Type           Power        Failure   Level  Hunger
a - Summon Small Mammal   Summ           ####         1%          1    #......
b - Call Canine Familiar  Summ           ####....     4%          3    ###....


Dungeon Overview and Level Annotations

Branches:
Dungeon (5/15)
 Temple: D:4-7

Annotations:
D:3 matakusis's ghost, amateur DsGl
D:4 4thArraOfDagon's ghost, amateur DgSu


Innate Abilities, Weirdness & Mutations

You have an increased reservoir of magic. (+10% MP)
Your attributes are resistant to harm.


Message History

The orc hits you with a trident. The rat closely misses your hound.
The river rat misses your hound.
Your hound barely misses 4thArraOfDagon's ghost.
The orc barely misses you.
Found a meat ration.
Unknown command.
Unknown command.
Unknown command.
Your hound bites the orc priest.
Your hound closely misses the orc priest.
The orc hits you from afar with a trident!
* * * LOW HITPOINT WARNING * * *
Your hound bites the orc priest.
Unknown command.
Unknown command.
Unknown command.
The rat bites something. 4thArraOfDagon's ghost barely misses you.
The orc hits you from afar with a trident.
You die...

#.# ##.....## #.####
#.#
######.......###.##.#
..............#......
..[...r.......'.....ยง
#orh[.....#.....o
##o.r....######..
#.or...## ##.
#.#.####o#...## #.
#.....@W.##+## #.
###.###### #. #.


You could see an orc priest, 4thArraOfDagon's ghost, an orc, a quokka and a rat.

Vanquished Creatures
  A giant gecko (D:2)
  2 giant cockroaches
  A jackal (D:1)
  3 kobolds
  2 bats
  3 giant newts
12 creatures vanquished.

Vanquished Creatures (collateral kills)
  A water moccasin skeleton (D:4)
  A crimson imp (D:5)
  An orc priest (D:4)
  3 adders
  A worm (D:4)
  2 dart slugs
  A giant gecko (D:1)
  5 orcs
  A ball python (D:2)
  3 giant cockroaches
  3 goblins
  3 hobgoblins
  7 jackals
  2 kobolds
  2 bats (D:2)
  A giant gecko skeleton (D:5)
  A giant newt (D:1)
  A jackal skeleton (D:4)
39 creatures vanquished.

Grand Total: 51 creatures vanquished

Notes
Turn   | Place    | Note
-------+----------+-------------------------------------------
     0 | D:1      | 4thArraOfDagon the Demigod Summoner began the quest for the Orb.
     0 | D:1      | Reached XP level 1. HP: 14/14 MP: 5/5
    22 | D:1      | You fall through a shaft!
    45 | D:2      | Found a snail-covered altar of Cheibriados.
   170 | D:2      | Reached XP level 2. HP: 9/20 MP: 1/7
   172 | D:2      | Reached skill level 4 in Summonings
   233 | D:3      | Noticed matakusis's ghost (amateur DsGl)
   347 | D:3      | Found a white marble altar of Elyvilon.
   438 | D:4      | Noticed 4thArraOfDagon's ghost (amateur DgSu)
   447 | D:4      | Found a stormy altar of Qazlal.
   448 | D:4      | Noticed an air elemental
   497 | D:4      | Reached XP level 3. HP: 23/26 MP: 1/8
   502 | D:4      | Learned a level 3 spell: Call Canine Familiar
   568 | D:4      | Noticed a scorpion
   596 | D:5      | Entered Level 5 of the Dungeon
   600 | D:5      | Noticed a centaur
   648 | D:5      | Found a hazy altar of Hepliaklqana.
   712 | D:5      | Reached skill level 5 in Summonings
   958 | D:2      | Reached XP level 4. HP: 23/33 MP: 6/9
  1247 | D:2      | You fall through a shaft for 2 floors!
  1248 | D:4      | lol
  1257 | D:4      | Slain by an orc

Vault maps used:
D:1:      dpeg_arrival_tiny_c
D:2:      kennysheep_slug_shrine, first_bread, ecumenical_altar_1
D:3:      overflow_temple_1_default
D:4:      nicolae_qazlal_style_of_elements
D:5:      overflow_temple_1_default, serial_shops, nicolae_shop_window_shopping

Skill      XL: |  1  2  3 |
---------------+----------+-----
Spellcasting   | 2 |  2.0
Summonings     | 4 5 |  5.6
Dodging        | |  1.7
Stealth        | |  1.7

Action                   |  1- 3 |  4- 6 || total
-------------------------+-------+-------++-------
Melee: Unarmed           |    13 |       ||    13
       Club              |    17 |       ||    17
       Mace              |    16 |    22 ||    38
 Cast: Summon Small Mamm |    32 |     1 ||    33
       Call Canine Famil |     9 |     7 ||    16
Evoke: Wand              |       |     2 ||     2
  Use: Scroll            |     2 |       ||     2
       Potion            |       |     1 ||     1
 Stab: Sleeping          |     1 |       ||     1
  Eat: Chunk             |     2 |     2 ||     4
Armor: Robe              |     9 |    12 ||    21
Dodge: Dodged            |    41 |    38 ||    79
